 Dungeon Crawl Stone Soup version 0.31-a0-221-gbddc013574 (webtiles) character file.

Game seed: 10139091201848391210

63 Maxmaps the Poker (level 3, 0/27 HPs)
             Began as a Demonspawn Reaver on July 4, 2023.
             Slain by a gnoll
             ... wielding a +0 flail
              (9 damage)
             ... on level 2 of the Dungeon.
             The game lasted 00:01:17 (1323 turns).

Maxmaps the Poker (Demonspawn Reaver)               Turns: 1323, Time: 00:01:19

Health: 0/27       AC:  4    Str: 12    XL:     3   Next: 87%
Magic:  6/6        EV: 11    Int: 16    God:
Gold:   44         SH:  0    Dex: 11    Spells: 5/6 levels left

rFire   . . .        a - +0 spear
rCold   . . .        (no shield)
rNeg    . . .        b - +0 leather armour
rPois   .            (no helmet)
rElec   .            (no cloak)
rCorr   .            f - +0 pair of gloves
SInv    .            (no boots)
Will    .....        (no amulet)
Stlth   +            (no ring)
HPRegen 0.24/turn    (no ring)
MPRegen 0.10/turn

%: no passive effects
@: no status effects
A: demonic guardian 1
a: no special abilities


You were on level 2 of the Dungeon.
You visited 1 branch of the dungeon, and saw 2 of its levels.

You collected 44 gold pieces.

Inventory:

Hand Weapons
 a - a +0 spear (weapon)
Armour
 b - a +0 leather armour (worn)
 f - a +0 pair of gloves (worn)
Scrolls
 e - 2 scrolls of amnesia {unknown}
 g - a scroll of noise {unknown}
 i - a scroll of torment {unknown}
Potions
 c - 2 potions of berserk rage {unknown}
 d - 2 potions of heal wounds {unknown}
 h - a potion of resistance {unknown}
 j - a potion of cancellation {unknown}


   Skills:
 - Level 2.0 Fighting
 + Level 4.4 Polearms
 - Level 1.7 Dodging
 - Level 2.0 Spellcasting
 - Level 3.0 Conjurations


You had 5 spell levels left.
You knew the following spells:

 Your Spells              Type           Power      Damage    Failure   Level
a - Kiss of Death         Conj/Necr      24%        2d7       14%         1

Your spell library contained the following spells:

 Spells                   Type           Power      Damage    Failure   Level
 Momentum Strike          Conj/Tloc      12%        3d8       22%         2
 Hailstorm                Conj/Ice       6%         3d4       38%         3


Dungeon Overview and Level Annotations

Branches:
Dungeon (2/15)

Altars:

Shops:
D:2 [


Innate Abilities, Weirdness & Mutations

A weak demonic guardian rushes to your aid.


Message History

You are too injured to fight recklessly!
You are too injured to fight recklessly!
You are too injured to fight recklessly!
You are too injured to fight recklessly!
You are too injured to fight recklessly!
Unknown command.
You swap places.
The gnoll hits your iron imp with a +0 flail.
Your iron imp hits the gnoll.
The gnoll dies!
Your iron imp hits the gnoll!
Reach: a) +0 spear
Press: ? - help, Dir - move target, f - gnoll
Aim: a gnoll, wielding a +0 halberd (severely wounded, not watching you, ally target, about 35% to evade your +0 spear)
You could not reach far enough!
The gnoll barely misses your iron imp.
Your iron imp hits the gnoll.
The gnoll dies!
The quokka closely misses your iron imp.
Your iron imp hits the quokka but does no damage.
The quokka barely misses your iron imp.
Your iron imp hits the quokka.
The quokka dies!
Your iron imp hits the gnoll.
The gnoll barely misses your iron imp.
Your iron imp hits the gnoll.
The gnoll hits your iron imp with a +0 flail!
Your iron imp misses the gnoll.
The gnoll hits your iron imp with a +0 flail!
Your iron imp dies!
Your iron imp disappears in a puff of smoke!
Reach: a) +0 spear
Press: ? - help, Dir - move target, f - gnoll
Aim: a gnoll, wielding a +0 flail (moderately wounded, about 35% to evade your +0 spear)
You reach to attack!
You closely miss the gnoll.
The gnoll is moderately wounded.
Reach: a) +0 spear
Press: ? - help, Dir - move target, f/p - gnoll
Aim: a gnoll, wielding a +0 flail (grey smoke, moderately wounded, about 35% to evade your +0 spear)
You hit the gnoll but do no damage.
The gnoll is moderately wounded.
The gnoll hits you with a +0 flail!
You die...

..........#..##.#
.....#..........##.##..
...............##.####
......#..........††..
.....#.#........#### .
...............# (..
...#.#........####
.....####.##.#............
......))g@##.#∩......####.
.....####.##.####.#### #..
... #.##....#.# #.. #
#.....#.#.# #..
#......###.....# #.#
#.......##...### #.#
#.###.#......###### #.# #
.............<# #.#
..........###..# #.#


You could see a gnoll.

Vanquished Creatures
  A worm (D:2)
  2 dart slugs (D:1)
  4 ball pythons (D:1)
  4 endoplasms
  A giant cockroach (D:1)
  6 goblins
  2 hobgoblins
  2 kobolds (D:1)
  A quokka (D:2)
  3 bats
  A rat (D:2)
27 creatures vanquished.

Vanquished Creatures (collateral kills)
  2 gnolls (D:2)
  A worm (D:2)
  A quokka (D:2)
4 creatures vanquished.

Grand Total: 31 creatures vanquished

Notes
Turn   | Place    | Note
-------+----------+-------------------------------------------
     0 | D:1      | Maxmaps the Demonspawn Reaver began the quest for the Orb.
     0 | D:1      | Reached XP level 1. HP: 16/16 MP: 3/3
   210 | D:1      | Reached skill level 3 in Polearms
   358 | D:1      | Gained mutation: A weak demonic guardian rushes to your
                  | aid. [demonic ancestry]
   358 | D:1      | Reached XP level 2. HP: 19/22 MP: 5/5
   480 | D:1      | Found a faded altar of an unknown god.
   972 | D:2      | Reached XP level 3. HP: 23/27 MP: 6/6
  1070 | D:2      | Found Wuhoh's Antique Armour Emporium.
  1103 | D:2      | Reached skill level 4 in Polearms
  1323 | D:2      | Slain by a gnoll

Illustrated notes

Levels and vault maps discovered:
D:1:      minmay_arrival_four_houses, layout_loops_corners,
          chequers_ecumenical_altar_simple
D:2:      layout_basic, serial_shops, shop

Skill      XL: |  1  2  3 |
---------------+----------+-----
Polearms       | 3 4 |  4.4
Fighting       | |  2.0
Dodging        | |  1.7
Spellcasting   | |  2.0
Conjurations   | |  3.0

Action                     || total
---------------------------++-------
  Melee: Spear             ||   107
         Punch             ||     1
 Armour: Leather armour    ||    19
  Dodge: Dodged            ||    35

Table legend: (Time is in decaauts)
 A = Elapsed time spent in this place.
 B = Non-inter-level travel time spent in this place.
 C = Inter-level travel time spent in this place.
 D = Time resting spent in this place.
 E = Time spent auto-exploring this place.
 F = Levels seen in this place.
 G = Mean time per level.
                   A        B        C        D        E       F      G
               +--------+--------+--------+--------+--------+-----+--------+
         Total |   1315 |   1276 |     39 |    106 |    951 |   2 |  657.5 |
       Dungeon |   1315 |   1276 |     39 |    106 |    951 |   2 |  657.5 |
               +--------+--------+--------+--------+--------+-----+--------+

Top non-repeatable levels by time:
     D:1: 958 daAuts
     D:2: 357 daAuts
